 Dungeon Crawl Stone Soup version 0.30.1-3-gfc49f6343a (webtiles) character file.

Game seed: 12955118062507980754

150831 TheDoctor the Destroyer (level 16, -5/89 HPs)
             Began as a Spriggan Venom Mage on July 18, 2023.
             Was a High Priest of Sif Muna.
             Slain by a bunyip (33 damage)
             ... on level 3 of the Swamp on July 20, 2023.
             The game lasted 02:23:58 (47083 turns).

TheDoctor the Destroyer (Spriggan Venom Mage)      Turns: 47083, Time: 02:23:59

Health: -5/89      AC:  8    Str:  4    XL:     16   Next: 99%
Magic:  32/32      EV: 20    Int: 32    God:    Sif Muna [*****.]
Gold:   1272       SH:  0    Dex: 16    Spells: 3/37 levels left

rFire   . . .        d - +3 mace "Gamoatz" {vamp, Int+2}
rCold   . . .        (no shield)
rNeg    . . .        M - +0 troll leather armour
rPois   .            (helmet restricted)
rElec   .            L - +2 cloak
rCorr   .            (gloves unavailable)
SInv    +            (boots unavailable)
Will    ++...        (no amulet)
Stlth   ++           j - ring of wizardry
HPRegen 1.14/turn    D - +6 ring of intelligence
MPRegen 0.23/turn

%: wizardry (x1)
@: lethally poisoned (-5 -> -5), very quick
A: very small, no large weapons, unfitting armour, see invisible, speed 3
a: Renounce Religion, Channel Magic, Forget Spell, Divine Exegesis


You were on level 3 of the Swamp.
You worshipped Sif Muna.
Sif Muna was extremely pleased with you.
You visited 6 branches of the dungeon, and saw 28 of its levels.

You collected 2409 gold pieces.
You spent 1137 gold pieces at shops.

Inventory:

Hand Weapons
 d - the +3 mace "Gamoatz" (weapon) {vamp, Int+2}
   (You found it on level 11 of the Dungeon)

   Int:       It affects your intelligence (+2).
 S - a +5 dagger of electrocution
Missiles
 e - 29 poisoned darts
 m - 2 atropa-tipped darts
 N - 3 throwing nets
 O - 3 curare-tipped darts (quivered)
Armour
 L - a +2 cloak (worn)
 M - a +0 troll leather armour (worn)
 U - a +0 buckler
 X - the +0 buckler of Zeva {Fly rC+ Stlth+}
   (You found it on level 3 of the Swamp)

   rC:        It protects you from cold.
   Fly:       It grants you flight.
   Stlth:     It makes you more stealthy.
 Y - +0 swamp dragon scales
Magical Staves
 p - a staff of poison
Jewellery
 j - a ring of wizardry (left hand)
 D - a +6 ring of intelligence (right hand)
 Q - the ring of Moacah {rF+++ MP+9 Str+4 Dex-4 Stlth+}
   (You bought it in a shop on level 2 of the Orcish Mines)

   [ring of magical power]

   Str:       It affects your strength (+4).
   Dex:       It affects your dexterity (-4).
   rF:        It renders you almost immune to fire.
   MP:        It affects your magic capacity (+9).
   Stlth:     It makes you more stealthy.
 V - a ring of wizardry
Wands
 i - a wand of charming (16)
 t - a wand of mindburst (29)
 w - a wand of light (14)
 A - a wand of iceblast (17)
 B - a wand of polymorph (8)
 K - a wand of flame (13)
 T - a wand of digging (14)
Scrolls
 c - 6 scrolls of poison
 f - 7 scrolls of fog
 n - 10 scrolls of immolation
 q - a scroll of butterflies
 s - a scroll of enchant weapon
 u - 3 scrolls of blinking
 y - 5 scrolls of magic mapping
 z - 3 scrolls of amnesia
 C - 5 scrolls of vulnerability
 F - 2 scrolls of identify
 G - a scroll of torment
 I - 8 scrolls of teleportation
 J - 3 scrolls of fear
 P - a scroll of silence
 W - a scroll of brand weapon
 Z - a scroll of enchant armour
Potions
 a - 5 potions of brilliance
 b - 2 potions of magic
 g - 4 potions of lignification
 h - 2 potions of might {unknown}
 k - 6 potions of heal wounds
 l - 2 potions of cancellation {unknown}
 o - 5 potions of haste
 r - 13 potions of curing
 v - 4 potions of ambrosia
 x - 3 potions of attraction {unknown}
 E - 4 potions of mutation
 R - a potion of resistance {unknown}
Miscellaneous
 H - a lightning rod (4/4)


   Skills:
 - Level 12.3 Fighting
 - Level 4.8 Armour
 - Level 8.2 Dodging
 - Level 3.0 Stealth
 * Level 2.4 Shields
 - Level 11.0 Spellcasting
 + Level 13.5 Conjurations
 - Level 4.0 Hexes
 - Level 1.3 Transmutations
 - Level 2.0 Fire Magic
 - Level 8.6 Earth Magic
 - Level 10.0 Poison Magic
 - Level 11.7 Invocations


You had 3 spell levels left.
You knew the following spells:

 Your Spells              Type           Power      Damage    Failure   Level
a - Sting                 Tmut/Pois      100%       1d8       1%          1
b - Poisonous Vapours     Pois/Air       98%        N/A       1%          2
c - Mephitic Cloud        Conj/Pois/Air  62%        N/A       1%          3
d - Olgreb's Toxic Radia  Pois           70%        N/A       1%          4
e - Confusing Touch       Hex            43%        N/A       1%          3
f - Stone Arrow           Conj/Erth      100%       3d13      1%          3
g - Ignite Poison         Fire/Tmut/Pois 46%        N/A       1%          3
h - Lehudib's Crystal Sp  Conj/Erth      36%        10d9      75%         8
i - Orb of Destruction    Conj           40%        9d11      6%          7

Your spell library contained the following spells:

 Spells                   Type           Power      Damage    Failure   Level
 Magic Dart               Conj           100%       1d8       0%          1
 Apportation              Tloc           34%        N/A       1%          1
 Slow                     Hex            100%       N/A       1%          1
 Ensorcelled Hibernation  Hex/Ice        60%        N/A       1%          2
 Momentum Strike          Conj/Tloc      100%       3d10      1%          2
 Passwall                 Tmut/Erth      40%        N/A       1%          2
 Static Discharge         Conj/Air       100%       2-7/arc   1%          2
 Hailstorm                Conj/Ice       57%        3d12      1%          3
 Spider Form              Tmut/Pois      53%        N/A       1%          3
 Call Imp                 Summ           34%        N/A       2%          2
 Lesser Beckoning         Tloc           34%        N/A       2%          2
 Volatile Blastmotes      Fire/Tloc      48%        2d14      3%          3
 Gell's Gravitas          Tloc           17%        N/A       6%          3
 Teleport Other           Tloc           17%        N/A       6%          3
 Vampiric Draining        Necr           17%        2d7       6%          3
 Vhi's Electric Charge    Tloc/Air       34%        N/A       6%          3
 Flame Wave               Conj/Fire      61%        2d14      1%          4
 Fulminant Prism          Conj/Hex       32%        3d15      1%          4
 Iskenderun's Mystic Bla  Conj/Tloc      57%        2d12      1%          4
 Leda's Liquefaction      Hex/Erth       27%        N/A       1%          4
 Iskenderun's Battlesphe  Conj           81%        2d13      1%          5
 Lee's Rapid Deconstruct  Erth           32%        3d17*     1%          5
 Irradiate                Conj/Tmut      30%        3d21      2%          5
 Animate Armour           Summ/Erth      90%        N/A       3%          4
 Cause Fear               Hex            21%        N/A       3%          4
 Arcjolt                  Conj/Air       28%        1d38      3%          5
 Iron Shot                Conj/Erth      36%        9d7       3%          6
 Alistair's Intoxication  Tmut/Pois      35%        N/A       4%          5
 Anguish                  Hex/Necr       15%        N/A       9%          4
 Airstrike                Air            8%         2d(2-18)  17%         4
 Manifold Assault         Tloc           17%        N/A       17%         4
 Passage of Golubria      Tloc           17%        N/A       17%         4
 Summon Lightning Spire   Summ/Air       17%        N/A       17%         4
 Conjure Ball Lightning   Conj/Air       28%        3x3d8     17%         6
 Silence                  Hex/Air        15%        N/A       22%         5
 Blade Hands              Tmut           13%        N/A       28%         5
 Statue Form              Tmut/Erth      32%        N/A       32%         6
 Dispersal                Tloc           8%         N/A       93%         6
 Dragon Form              Tmut           13%        N/A       100%        7
 Borgnjor's Revivificati  Necr           8%         N/A       100%        8
 Maxwell's Capacitive Co  Air            8%         ∞         100%        8
 Necromutation            Tmut/Necr      11%        N/A       100%        8
 Chain Lightning          Conj/Air       28%        3d38      100%        9
 Death's Door             Necr           8%         N/A       100%        9
 Dragon's Call            Summ           8%         N/A       100%        9


Dungeon Overview and Level Annotations

Branches:
Dungeon (15/15)            Temple (1/1) D:4            Lair (5/5) D:10
  Swamp (3/4) Lair:3       Spider (2/4) Lair:3        Slime (0/5) Lair:4
    Orc (2/2) D:12            Elf (0/3) Orc:2        Vaults (0/5) D:14
 Depths (0/4) D:15

Altars:
Ashenzari
Cheibriados
Dithmenos
Elyvilon
Fedhas
Gozag
Hepliaklqana
Kikubaaqudgha
Makhleb
Nemelex Xobeh
Okawaru
Qazlal
Ru
Sif Muna
Trog
Uskayaw
Vehumet
Wu Jian
Xom
Yredelemnul
Zin
The Shining One
Jiyva

Shops:
D:10 *   D:12 [   D:15 =:*[   Orc:1 *   Orc:2 *=([*=(

Annotations:
D:9 exclusion: downstairs
Lair:2 1 runed translucent door
Lair:5 1 runed translucent door
Spider:1 exclusion: 2 downstairs, Roxanne
Spider:2 Azrael


Innate Abilities, Weirdness & Mutations

You are very small and have problems with some larger weapons.
You are too small for most types of armour.
You have supernaturally acute eyesight. (SInv)
You cover ground extremely quickly. (Speed+++)


Message History

Moving in this stuff is going to be slow.
n - 10 scrolls of immolation (gained 3)
Things that are here:
a +0 short sword; a +0 robe
Found a stone staircase leading up.
You enter the shallow water.
Moving in this stuff is going to be slow.
Found 5 javelins.
A bunyip, a swamp dragon and a tyrant leech come into view.
The swamp dragon roars deafeningly!
The bunyip gives a hideous shriek!
There are monsters nearby!
There are monsters nearby!
The swamp dragon breathes poison at you.
The blast of poison engulfs you!
You are poisoned.
The swamp dragon breathes poison at you.
The blast of poison engulfs you.
You are more poisoned.
You are engulfed in poison gas.
You are more poisoned.
You feel extremely sick.
You feel very sick.
The tyrant leech is engulfed in poison gas.
The tyrant leech is poisoned.
You feel very sick.
You feel sick.
You feel sick.
You feel sick.
You feel sick.
You enter the shallow water.
Moving in this stuff is going to be slow.
You feel sick.
You feel sick.
You enter the shallow water.
Moving in this stuff is going to be slow.
You feel sick.
You feel sick.
You feel sick.
You feel sick. The bunyip barely misses you. The bunyip claws you!! x2
You die...

♣..~...~~~~♣ ♣♣♣~...§~...♣♣
...§...♣♣♣♣♣♣♣~....~~.~~~.♣♣
♣~<~.~.~♣~~.♣...§~~~~§~~~~.♣
♣...~~~♣♣.~.....~~~~~~~.~~.♣
~~.~~~~♣~~~~.~♣§..~~....~♣~
♣♣.~~~~♣.~~~~.♣♣÷.~~.....♣
♣^~~†(♣.~~~~~♣~.§~~...♣♣♣
♣♣♣♣♣[.~~~~~.~~>~.~~~.♣♣ ♣♣~♣♣
♣♣ ♣.)~~~~~.♣♣@.~)~~~.♣♣~...♣
~♣♣♣♣♣.~~~~.~♣♣♣~x~~~~~.......♣
~~..§.~~~~~.♣♣ ♣~.~~§~~~~~~..♣♣
~~.....~~~~~.♣ ♣♣♣♣~~~~~~~~~.~♣
~~.....~~~~..♣ ♣.~~~~~~~~~~~
~~~~..~~~~~~~♣ ♣♣♣.~~~§~~~~~~♣
~~~~.~~~~..♣..~ ♣..♣~..~§~~~~.♣
~~>~~~~~~~♣♣♣.~.♣....~~~......♣
~..♣♣♣~~~♣♣ ♣..♣♣♣♣.~~~♣♣♣..♣♣


You could see a bunyip.

Vanquished Creatures
  Nikola (Spider:2)
  Kirke (Lair:3)
  A thorn hunter (Swamp:1)
  2 ghouls
  An ironbound preserver (D:14)
  2 orc warlords
  2 eleionomae
  4 bunyips
  The ghost of monsoonserge the Black Belt, a journeyman DsAr of Jiyva (Lair:5)
  An ettin (Orc:1)
  Snorg (Orc:1)
  A shambling mangrove (Swamp:1)
  9 hydras
  A rakshasa (D:15)
  A catoblepas (Lair:2)
  3 ghost crabs
  2 centaur warriors (D:14)
  2 boulder beetles
  3 two-headed ogres
  The ghost of Fodor the Cruncher, a novice MiFi (D:10)
  7 alligators
  9 death yaks
  2 tengu warriors
  4 orc high priests
  Nergalle (Orc:2)
  Sonja (Orc:1)
  2 skysharks (Lair:5)
  A deep elf knight (Orc:1)
  A sun moth (Spider:1)
  4 pharaoh ants (Spider:1)
  A goliath frog (Swamp:1)
  A glowing orange brain (D:15)
  2 bog bodies
  3 orb spiders (Spider:1)
  4 swamp dragons
  2 spriggan druids
  2 lindwurms (Lair:5)
  2 steelbarb worms
  Pikel (D:7)
  7 deep elf pyromancers
  5 orc knights
  5 wolf spiders
  2 will-o-the-wisps
  9 ugly things
  5 cyclopes
  5 orc sorcerers
  A faun (shapeshifter) (D:14)
  12 elephants
  3 manticores
  3 moths of wrath
  4 black mambas
  A gargoyle (D:10)
  Joseph (D:7)
  8 torpor snails
  7 cane toads
  4 demonic crawlers
  An unseen horror (D:12)
  A freezing wraith (D:14)
  2 rime drakes
  2 tengu conjurers (D:15)
  4 kobold demonologists (D:11)
  5 komodo dragons
  A yaktaur (shapeshifter) (D:15)
  3 meliai (Spider:1)
  13 trolls
  8 tyrant leeches
  Prince Ribbit (D:6)
  A bloated husk (Swamp:1)
  12 polar bears
  11 tarantellas
  21 hornets
  4 raiju (Lair:5)
  13 blink frogs
  5 dream sheep (Lair:5)
  26 jumping spiders
  2 raiju (shapeshifter) (D:14)
  2 shadows
  11 slime creatures
  6 culicivoras
  13 spriggans
  A water elemental (D:12)
  57 yaks
  A vampire (D:12)
  5 wraiths
  6 wyverns
  3 humans
  A steam dragon (D:9)
  2 basilisks
  9 vampire mosquitoes
  16 redbacks
  11 wargs
  13 swamp worms
  2 acid dragons
  14 hell hounds
  17 water moccasins
  28 orc warriors
  15 black bears
  3 sky beasts
  36 wolves
  5 ogres
  15 centaurs
  3 phantoms
  2 kobold brigands (D:11)
  A gnoll sergeant (D:7)
  12 bullfrogs
  2 scorpions
  2 necrophages (Swamp:2)
  6 killer bees (D:9)
  2 howler monkeys
  An electric eel (Spider:2)
  16 orc priests
  2 sleepcaps (D:7)
  2 jellies
  A gnoll bouda (D:5)
  4 hounds
  Crazy Yiuf (D:6)
  Ijyb (D:5)
  10 hell rats
  20 orc wizards
  3 iguanas
  16 gnolls
  13 adders
  3 white imps
  A worm (D:4)
  2 dart slugs
  61 orcs
  5 endoplasms
  3 giant cockroaches
  A hobgoblin (D:4)
  5 jackals (D:1)
  3 quokkas
  5 ball pythons
  7 bats
  4 frilled lizards
  2 goblins (D:3)
  11 kobolds
  3 rats
836 creatures vanquished.

Vanquished Creatures (collateral kills)
  A tarantella (Spider:1)
1 creature vanquished.

Vanquished Creatures (others)
  2 bloated husks (Swamp:1)
  A tyrant leech (Swamp:1)
  3 humans (Lair:3)
  A redback (Spider:2)
  4 foxfires
11 creatures vanquished.

Grand Total: 848 creatures vanquished

Notes
Turn   | Place    | Note
-------+----------+-------------------------------------------
     0 | D:1      | TheDoctor the Spriggan Venom Mage began the quest for the
                  | Orb.
     0 | D:1      | Reached XP level 1. HP: 9/9 MP: 5/5
   374 | D:1      | Reached XP level 2. HP: 13/13 MP: 1/6
   926 | D:1      | Reached XP level 3. HP: 16/16 MP: 2/8
  1484 | D:2      | Found an ancient bone altar of Kikubaaqudgha.
  1587 | D:2      | Found a faded altar of an unknown god.
  2275 | D:2      | Learned a level 2 spell: Poisonous Vapours
  2279 | D:2      | Learned a level 3 spell: Mephitic Cloud
  2854 | D:3      | Reached skill level 5 in Poison Magic
  2854 | D:3      | Reached XP level 4. HP: 21/21 MP: 4/9
  3119 | D:4      | Noticed a phantom
  3124 | D:4      | Noticed an ogre
  3141 | D:4      | Killed an ogre
  3142 | D:4      | Reached skill level 1 in Fighting
  3142 | D:4      | Reached XP level 5. HP: 25/25 MP: 0/12
  3674 | D:4      | Noticed a phantom
  3755 | D:4      | Killed a phantom
  3860 | D:4      | Found a staircase to the Ecumenical Temple.
  3876 | Temple   | Entered the Ecumenical Temple
  3955 | Temple   | Became a worshipper of Sif Muna the Loreminder
  4002 | D:4      | Reached XP level 6. HP: 29/30 MP: 8/14
  4069 | D:3      | Learned a level 4 spell: Olgreb's Toxic Radiance
  4073 | D:3      | Learned a level 3 spell: Confusing Touch
  4483 | D:5      | Entered Level 5 of the Dungeon
  4494 | D:5      | Reached skill level 5 in Spellcasting
  4757 | D:5      | Reached skill level 1 in Hexes
  5204 | D:5      | Noticed Ijyb
  5237 | D:5      | Killed Ijyb
  5238 | D:5      | Reached XP level 7. HP: 36/36 MP: 3/15
  5840 | D:5      | Reached * piety under Sif Muna
  6733 | D:6      | Noticed Prince Ribbit
  6757 | D:6      | Killed Prince Ribbit
  6758 | D:6      | Reached XP level 8. HP: 42/42 MP: 3/16
  7106 | D:6      | Found a runed translucent door.
  7107 | D:6      | Noticed Crazy Yiuf
  7444 | D:6      | Killed Crazy Yiuf
  7907 | D:7      | Noticed Joseph
  7928 | D:7      | Reached skill level 5 in Fighting
  8427 | D:7      | Noticed Pikel
  8446 | D:7      | Killed Pikel
  8447 | D:7      | Reached XP level 9. HP: 49/49 MP: 7/17
  8776 | D:7      | Identified the +8 war axe "Sunoh" {freeze, Will+ Str+3
                  | Int+4}
  8955 | D:7      | Killed Joseph
  8956 | D:7      | Reached skill level 5 in Dodging
  9334 | D:8      | Reached ** piety under Sif Muna
  9505 | D:8      | Found an ornate altar of the Wu Jian Council.
  9507 | D:8      | Found a broken altar of Ashenzari.
  9508 | D:8      | Found a white marble altar of Elyvilon.
  9513 | D:8      | Found a glowing golden altar of the Shining One.
  9514 | D:8      | Found a stormy altar of Qazlal.
  9516 | D:8      | Found an ancient bone altar of Kikubaaqudgha.
  9517 | D:8      | Found a blossoming altar of Fedhas.
  9523 | D:8      | Found a shimmering altar of Xom.
  9526 | D:8      | Found a radiant altar of Vehumet.
  9583 | D:8      | Found a hide-covered altar of Uskayaw.
 10105 | D:8      | Noticed a two-headed ogre
 10128 | D:8      | Killed a two-headed ogre
 10129 | D:8      | Reached XP level 10. HP: 56/56 MP: 9/18
 11222 | D:9      | Reached skill level 5 in Invocations
 11362 | D:9      | Found a bloodstained altar of Trog.
 12435 | D:10     | Entered Level 10 of the Dungeon
 12435 | D:10     | Noticed a gargoyle
 12751 | D:10     | Reached XP level 11. HP: 55/60 MP: 8/19
 12946 | D:10     | Found Fyestraof's Overcharged Wands.
 12968 | D:10     | Noticed Fodor's ghost (novice MiFi)
 13059 | D:10     | Found a staircase to the Lair.
 13066 | D:10     | Reached *** piety under Sif Muna
 13366 | D:10     | Found a runed translucent door.
 13519 | D:10     | Found an iron altar of Okawaru.
 13555 | D:10     | Reached skill level 10 in Invocations
 13915 | D:10     | Got the Volume of the Cwm
 13987 | D:9      | Learned a level 3 spell: Stone Arrow
 14053 | D:11     | Reached skill level 1 in Earth Magic
 14172 | D:11     | Reached skill level 1 in Conjurations
 14303 | D:11     | Identified the +3 mace "Gamoatz" {vamp, Int+2}
 14663 | D:11     | Reached skill level 2 in Conjurations
 15232 | D:11     | Reached skill level 3 in Conjurations
 15414 | D:12     | Noticed a seven-headed hydra
 16051 | D:12     | Found Boboapp's Antique Armour Shop.
 16112 | D:12     | Noticed a sea snake
 16257 | D:12     | Killed a seven-headed hydra
 16258 | D:12     | Reached skill level 4 in Conjurations
 16258 | D:12     | Reached skill level 5 in Earth Magic
 16704 | D:12     | Found a staircase to the Orcish Mines.
 17367 | D:12     | Noticed a two-headed ogre
 17411 | D:12     | Killed a two-headed ogre
 17411 | D:12     | Reached **** piety under Sif Muna
 17412 | D:12     | Reached XP level 12. HP: 56/64 MP: 2/20
 17891 | Orc:1    | Entered Level 1 of the Orcish Mines
 17891 | Orc:1    | Noticed Sonja
 17896 | Orc:1    | Reached skill level 5 in Conjurations
 17902 | Orc:1    | Killed Sonja
 18008 | Orc:1    | Noticed Snorg
 18064 | Orc:1    | Killed Snorg
 18204 | Orc:1    | Noticed an ettin
 18313 | Orc:1    | Reached skill level 6 in Conjurations
 18317 | Orc:1    | Killed an ettin
 18642 | Orc:1    | Found Gorugethyps's General Store.
 18748 | Orc:1    | Noticed an orc high priest
 18792 | Orc:1    | Killed an orc high priest
 18861 | Orc:1    | Noticed an orc high priest
 18897 | Orc:1    | Killed an orc high priest
 18898 | Orc:1    | Reached skill level 7 in Conjurations
 19035 | Orc:1    | Noticed an orc high priest
 19035 | Orc:1    | Noticed an orc warlord
 19109 | Orc:1    | Killed an orc high priest
 19329 | Orc:1    | Killed an orc warlord
 19541 | Orc:2    | Entered Level 2 of the Orcish Mines
 19551 | Orc:2    | Found a radiant altar of Vehumet.
 19552 | Orc:2    | Found Boceo's Jewellery Shop.
 19567 | Orc:2    | Found Mutetyll's Antique Weapon Boutique.
 19582 | Orc:2    | Noticed a boulder beetle
 19596 | Orc:2    | Killed a boulder beetle
 20060 | Orc:2    | Found Ciutz's General Store.
 20247 | Orc:2    | Reached XP level 13. HP: 62/68 MP: 13/23
 20489 | Orc:2    | Noticed an orc warlord
 20615 | Orc:2    | Found a staircase to the Elven Halls.
 20661 | Orc:2    | Reached ***** piety under Sif Muna
 20750 | Orc:2    | Noticed Nergalle
 20793 | Orc:2    | Killed Nergalle
 20903 | Orc:2    | Reached skill level 8 in Conjurations
 21058 | Orc:2    | Killed an orc warlord
 21744 | Orc:2    | Found Zuucac's Jewellery Boutique.
 21776 | Orc:2    | Found Ufotinkuoph's Antique Armour Boutique.
 21791 | Orc:2    | Found Gaxor's General Store.
 21807 | Orc:2    | Found Soawu's Antique Weapon Boutique.
 21914 | Orc:2    | Bought the Directory of Direction and Anthracomancy for 360
                  | gold pieces
 21947 | Orc:2    | Bought the ring of Moacah {rF+++ MP+9 Str+4 Dex-4 Stlth+}
                  | for 777 gold pieces
 21955 | Orc:2    | Learned a level 3 spell: Ignite Poison
 22265 | Lair:1   | Entered Level 1 of the Lair of Beasts
 22447 | Lair:1   | Received a gift from Sif Muna
 22450 | Lair:1   | Got Pinethrep's Compendium of Injurious Correspondence {god
                  | gift}
 22551 | Lair:1   | Reached skill level 1 in Fire Magic
 24678 | Lair:2   | Found a runed translucent door.
 25183 | Lair:3   | Noticed Kirke
 25190 | Lair:3   | Killed Kirke
 25191 | Lair:3   | Reached skill level 10 in Spellcasting
 25897 | Lair:3   | Reached skill level 10 in Poison Magic
 25897 | Lair:3   | Reached XP level 14. HP: 69/73 MP: 20/30
 25900 | Lair:3   | Received a gift from Sif Muna
 25964 | Lair:3   | Got Sif Muna's Monograph on the Fifth Circle {god gift}
 26059 | Lair:3   | Reached skill level 1 in Armour
 26173 | Lair:3   | Found a staircase to the Swamp.
 26461 | Lair:3   | Found a hole to the Spider Nest.
 27059 | Lair:4   | Found a viscous altar of Jiyva.
 27059 | Lair:4   | Found a staircase to the Slime Pits.
 27262 | Lair:4   | Found a shadowy altar of Dithmenos.
 28274 | Lair:5   | Entered Level 5 of the Lair of Beasts
 28826 | Lair:5   | Received a gift from Sif Muna
 29008 | Lair:5   | Reached skill level 10 in Fighting
 29470 | Lair:5   | Reached skill level 9 in Conjurations
 29807 | Lair:5   | Found a runed translucent door.
 30046 | Lair:5   | Reached XP level 15. HP: 81/81 MP: 6/31
 30418 | Lair:5   | Found a runed translucent door.
 30418 | Lair:5   | Noticed monsoonserge's ghost (journeyman DsAr)
 30691 | Lair:5   | Identified the +8 flail of the Nexus {vamp, rN+ Will+}
 30809 | Lair:5   | Received a gift from Sif Muna
 30812 | Lair:5   | Got Sif Muna's Teachings on Relocated Transmogrification
                  | {god gift}
 33013 | Lair:5   | Killed monsoonserge's ghost
 33014 | Lair:5   | Reached skill level 10 in Conjurations
 33553 | D:10     | Killed Fodor's ghost
 34889 | D:14     | Received a gift from Sif Muna
 34894 | D:14     | Got Sif Muna's Opusculum on Different Thunder {god gift}
 35087 | D:14     | Found a hide-covered altar of Uskayaw.
 36205 | D:14     | Found a gate to the Vaults.
 36637 | D:15     | Entered Level 15 of the Dungeon
 37034 | D:15     | Found Mis Fucs's Antique Armour Shop.
 37112 | D:15     | Found Jeis's Assorted Antiques.
 37134 | D:15     | Noticed a walking crystal tome
 37136 | D:15     | Found Jouj's Book Shoppe.
 37138 | D:15     | Noticed a walking crystal tome
 38010 | D:15     | Reached skill level 11 in Conjurations
 38523 | D:15     | Found Voisk's Jewellery Shop.
 38597 | D:15     | Found a staircase to the Depths.
 38849 | Lair:2   | Learned a level 8 spell: Lehudib's Crystal Spear
 38923 | Spider:1 | Entered Level 1 of the Spider Nest
 39127 | Spider:1 | Identified Roxanne's Parchment of Modification
 39127 | Spider:1 | Noticed Roxanne
 39338 | Spider:1 | Reached XP level 16. HP: 89/89 MP: 20/32
 39611 | Spider:1 | Received a gift from Sif Muna
 39612 | Spider:1 | Got Sif Muna's Annotations on the Kinetic Blink Frog {god
                  | gift}
 41594 | Spider:2 | Noticed Azrael
 41594 | Spider:2 | Noticed Nikola
 42503 | Spider:2 | Killed Nikola
 43094 | Swamp:1  | Entered Level 1 of the Swamp
 43333 | Swamp:1  | Noticed a thorn hunter
 43350 | Swamp:1  | Reached skill level 12 in Conjurations
 43358 | Swamp:1  | Learned a level 7 spell: Orb of Destruction
 43736 | Swamp:1  | Received a gift from Sif Muna
 44670 | Swamp:1  | Killed a thorn hunter
 45244 | Swamp:2  | Reached skill level 13 in Conjurations
 46352 | Swamp:3  | Identified the +0 buckler of Zeva {Fly rC+ Stlth+}
 46404 | Swamp:3  | Reached skill level 1 in Shields
 47083 | Swamp:3  | Slain by a bunyip

Illustrated notes

Levels and vault maps discovered:
D:1:      psy_arrival_fountain, layout_basic
D:2:      layout_basic, hellmonk_ecumenical_altar_zigzags, basic_altar,
          nicolae_underground_beach
D:3:      layout_rooms
D:4:      layout_gridville, minmay_temple_entry_slanted, grunt_ministairs_14
D:5:      layout_basic, dreamdust_gnoll_farm, uniq_ijyb
D:6:      layout_basic, uniq_prince_ribbit1, uniq_crazy_yiuf_cottage
D:7:      layout_rooms, uniq_pikel, uniq_joseph
D:8:      layout_basic, nicolae_overflow_hallway_of_the_gods
D:9:      layout_stronghold, overflow_temple_1_default
D:10:     layout_irregular_city, okawaru_humans, grunt_lair_entry_orc_guard_hut,
          hellmonk_ghost_big_iron, nicolae_lava_and_water,
          chequers_serial_rivers_marsh, nicolae_shop_overcharged_wands
D:11:     layout_big_octagon, hangedman_decor_push, nicolae_benzene_ring,
          statue_in_the_mist_lemuel
D:12:     layout_basic, orc_0_dummy, serial_shops, shop, serial_aquarium,
          aquarium_bridge_square [aquarium_subvault_bridge,
          aquarium_subvault_window, aquarium_subvault_balcony,
          aquarium_subvault_bridge], aquarium_window_fake, aquarium_window_2,
          aquarium_view_2g, aquarium_view_4, aquarium_balcony_3b,
          nooodl_orcs_dogs
D:13:     layout_basic
D:14:     layout_roguey, skrybe_vaults_entry_preservation,
          nicolae_uskayaw_suspiria
D:15:     gammafunk_enter_depths_forms, layout_irregular_city, serial_shops,
          shop, shop, shop, nicolae_shop_mannequins, grunt_decor_one_mirror
Temple:   chequers_temple_sunken
Lair:1:   layout_gridlike, st_stairs_13, gammafunk_lair_bear_cave
Lair:2:   layout_cave_pods, pdpol_lair_cabin_in_the_woods, grunt_megastairs_2
Lair:3:   layout_chaotic_city, minmay_swamp_entry_worms,
          nicolae_spider_entry_tight_spaces, uniq_kirke
Lair:4:   minmay_lair_venomous_thicket, layout_misc_corridors, slime_entry_1,
          basic_altar, hibernation_bobbens
Lair:5:   wormcave, layout_small_grid, hangedman_lair_caniforms_friends,
          serial_bayou, serial_bayou_pond_c, serial_bayou_crossing,
          serial_bayou_lagoon_a, serial_bayou_shore_a,
          ebering_ghost_inner_flame, serial_bayou_shore_b
Swamp:1:  nicolae_swamp_ascending_descending, layout_basic_swamp,
          evilmike_swamp_ruin_house_4, swamp_pool4
Swamp:2:  layout_basic_swamp, evilmike_swamp_ruin_house_1,
          infiniplex_staircase_pool
Swamp:3:  layout_basic_swamp, serial_swamp_ruin, evilmike_swamp_ruin_house_5,
          evilmike_swamp_ruin_house_2
Spider:1: layout_chambers, nicolae_spider_world_wide_web, uniq_roxanne
Spider:2: layout_spider_delve, ebering_ghost_reflecting_pool, drop_trap,
          uniq_azrael, uniq_nikola, uniq_arachne
Orc:1:    layout_caves, serial_shops, nicolae_shop_rolling_square, elf_legates,
          uniq_snorg, uniq_sonja
Orc:2:    grunt_orc_cross, layout_diamond_mine, basic_altar, serial_shops,
          nicolae_shop_hallway_stairs, shop, nicolae_shop_tiny_real_fake_doors,
          rock_pile

Skill      XL: |  1  2  3  4  5  6  7  8  9 10 11 12 13 14 15 16 |
---------------+-------------------------------------------------+-----
Poison Magic   | 4 5 6 8 10 | 10.0
Spellcasting   | 3 4 5 6 11 | 11.0
Fighting       | 1 2 3 4 6 8 10 12 | 12.3
Hexes          | 2 4 |  4.0
Dodging        | 8 |  8.2
Invocations    | 2 9 10 11 | 11.7
Earth Magic    | 5 8 |  8.6
Conjurations   | 4 7 8 9 11 13 | 13.5
Fire Magic     | 2 |  2.0
Armour         | 4 |  4.8
Shields        | 2 |  2.4
Stealth        | |  3.0
Transmutations | |  1.3

Action                     |  1- 3 |  4- 6 |  7- 9 | 10-12 | 13-15 | 16-18 || total
---------------------------+-------+-------+-------+-------+-------+-------++-------
  Melee: Short sword       |     8 |    17 |    51 |   118 |       |       ||   194
         Punch             |       |       |     1 |     5 |     1 |     1 ||     8
         Quarterstaff      |       |       |    22 |    16 |       |       ||    38
         Mace              |       |       |       |    89 |    78 |    24 ||   191
  Throw: Dart              |       |       |       |     3 |       |     2 ||     5
   Cast: Sting             |    69 |   112 |   171 |   213 |    18 |    15 ||   598
         Poisonous Vapours |     3 |     9 |    34 |    83 |   152 |    87 ||   368
         Mephitic Cloud    |       |     1 |     1 |    23 |     3 |     6 ||    34
         Confusing Touch   |       |     1 |     7 |    16 |       |       ||    24
         Olgreb's Toxic Ra |       |       |     6 |    50 |    86 |    24 ||   166
         Stone Arrow       |       |       |       |    79 |   450 |   134 ||   663
         Ignite Poison     |       |       |       |       |   103 |    62 ||   165
         Orb of Destructio |       |       |       |       |       |    32 ||    32
 Invoke: Channel Magic     |       |       |       |     4 |     1 |     2 ||     7
  Evoke: Wand              |       |     5 |       |     3 |       |       ||     8
    Use: Scroll            |       |     3 |     2 |     6 |     6 |     7 ||    24
         Potion            |       |       |       |     1 |       |     1 ||     2
   Stab: Confused          |       |       |     6 |    17 |       |       ||    23
         Sleeping          |       |       |       |     1 |       |       ||     1
 Armour: Robe              |     3 |     7 |     5 |    18 |       |       ||    33
         Troll leather arm |       |       |       |    20 |    42 |    25 ||    87
  Dodge: Dodged            |    29 |    28 |    86 |   412 |   287 |   127 ||   969
